CALGARY Wranglers vs SPRINGFIELD Thunderbirds

Created - 22 avril 2024 at 11:09

Goals
1 2 3 T
CALGARY Wranglers 1 2 3 6
SPRINGFIELD Thunderbirds 0 1 2 3
Shots
1 2 3 T
CALGARY Wranglers 5 9 16 30
SPRINGFIELD Thunderbirds 20 9 8 37

1st period

1. CALGARY Wranglers , Jake Leschyshyn 39 (Juraj Slafkovsky 55, Daniil Miromanov 39) at 4:48 (SH)

Penalties :
Gabriel Fortier (cgy) for Cross-checking (Minor) at 3:32, Alex Galchenyuk (cgy) for Hooking (Minor) at 14:38

2nd period

2. SPRINGFIELD Thunderbirds , MacKenzie Entwistle 52 (Lucas Johansen 25, Egor Afanasyev 7) at 9:16
3. CALGARY Wranglers , Will Cuylle 33 (Egor Sokolov 30, Tyler Tucker 72) at 9:50
4. CALGARY Wranglers , Tyler Tucker 17 (Jake Leschyshyn 49) at 11:26 (PP)

Penalties :
Daniil Miromanov (cgy) for Tripping (Minor) at 5:07, Nikolai Knyzhov (stl) for High sticking (Minor) at 10:11

3rd period

5. CALGARY Wranglers , Daniil Miromanov 8 (Alex Galchenyuk 46, Justus Annunen) at 1:00 (PP)
6. SPRINGFIELD Thunderbirds , Greg Meireles 1 (Jacob Peterson 32, Libor Hajek 17) at 2:20
7. SPRINGFIELD Thunderbirds , MacKenzie Entwistle 53 (Markus Niemelainen 34, Dylan Coghlan 56) at 2:30
8. CALGARY Wranglers , Alex Galchenyuk 29 (Juraj Slafkovsky 56, Jack Drury 55) at 19:02
9. CALGARY Wranglers , Alex Galchenyuk 30 (Daniil Miromanov 40, Brock Faber 39) at 19:56

Penalties :
Lane Pederson (stl) for Roughing (Minor) at 0:28, Lane Pederson (stl) for Unsportsmanlike conduct (Major / Game Misconduct) at 1:10, Tyler Tucker (cgy) for Hooking (Minor) at 1:10, Buddy Robinson (stl) for Delaying the game (Minor) at 6:14, Markus Niemelainen (stl) for Slashing (Minor) at 9:05

Goalie Stats

Justus Annunen (cgy), 34 saves from 37 shots - (0,919), W, 47-14-4, 60:00 minutes
Dan Vladar (stl), 24 saves from 30 shots - (0,800), L, 38-21-5, 60:00 minutes

Players Stats for CALGARY Wranglers

Player Name              G  A  P  +/- PIM S  H  SB GA TA FO     MP     PP MP  PK MP  
------------------------------------------------------------------------------------
Akito Hirose             0  0  0   0  0   0  1  0  0  0  0/0    24:58   3:56   2:40 
Alex Galchenyuk          2  1  3   2  2   7  0  0  0  0  2/2    19:34   4:49   0:00 
Arnaud Durandeau         0  0  0   0  0   0  1  0  0  0  0/0     7:04   0:00   0:00 
Brock Faber              0  1  1   3  0   0  1  0  0  0  0/0    19:30   4:15   3:17 
Daniil Miromanov         1  2  3   1  2   3  4  0  0  0  0/0    21:24   2:49   2:26 
Egor Sokolov             0  1  1   1  0   1  1  0  0  0  0/0    14:32   4:12   0:00 
Egor Zamula              0  0  0  -1  0   1  2  2  0  0  0/0    14:43   2:35   0:51 
Gabriel Fortier          0  0  0  -1  2   0  1  0  0  0  1/1    13:08   2:00   0:00 
Graeme Clarke            0  0  0   0  0   2  1  0  0  0  0/1     7:56   0:02   0:00 
Hendrix Lapierre         0  0  0  -1  0   0  2  0  0  0  4/10   12:41   0:00   0:42 
Jack Drury               0  1  1   1  0   3  1  0  0  0  17/32  21:18   3:54   2:00 
Jake Leschyshyn          1  1  2   1  0   5  1  0  0  0  19/36  19:51   4:13   3:57 
Jared McIsaac            0  0  0  -2  0   0  1  2  0  0  0/0    14:08   0:00   0:00 
Jean-Luc Foudy           0  0  0   0  0   1  0  0  0  0  2/6     7:04   0:00   0:00 
Juraj Slafkovsky         0  2  2   2  0   2  2  2  0  0  2/4    23:16   3:54   3:15 
Samuel Fagemo            0  0  0  -1  0   0  0  0  0  0  0/1    11:11   0:02   0:00 
Tyler Tucker             1  1  2   1  2   3  3  2  0  0  0/0    23:35   3:55   2:40 
Will Cuylle              1  0  1   0  0   2  1  0  0  0  0/1    16:07   3:09   2:00 

Players Stats for SPRINGFIELD Thunderbirds

Player Name              G  A  P  +/- PIM S  H  SB GA TA FO     MP     PP MP  PK MP  
------------------------------------------------------------------------------------
Andrew Agozzino          0  0  0  -2  0   5  0  0  0  0  1/1    18:24   2:56   0:38 
Austin Czarnik           0  0  0   0  0   4  1  1  0  0  1/2    22:18   3:01   4:39 
Buddy Robinson           0  0  0  -2  2   2  1  1  0  0  0/0    17:45   2:56   0:00 
Carter Rowney            0  0  0  -1  0   2  1  0  0  0  0/0    10:45   0:00   0:00 
Dylan Coghlan            0  1  1   0  0   2  0  0  0  0  0/0    25:50   3:24   4:27 
Egor Afanasyev           0  1  1   1  0   1  0  0  0  0  1/4     4:22   0:00   0:00 
Greg Meireles            1  0  1  -1  0   1  0  0  0  0  2/11    4:57   0:00   0:00 
Hugh McGing              0  0  0  -1  0   2  0  0  0  0  2/4    14:04   0:00   3:19 
Jacob Peterson           0  1  1   0  0   2  1  0  0  0  1/3    20:31   3:01   3:25 
Josh Doan                0  0  0   1  0   0  1  1  0  0  0/0     4:22   0:00   0:00 
Lane Pederson            0  0  0   0  17  1  0  2  0  0  13/19  13:58   2:56   0:28 
Libor Hajek              0  1  1  -2  0   1  1  0  0  0  0/0    21:37   2:33   4:00 
Lucas Johansen           0  1  1   1  0   0  0  0  0  0  0/0    12:36   0:00   0:21 
MacKenzie Entwistle      2  0  2   1  0   8  4  1  0  0  16/37  26:24   3:01   4:23 
Marco Rossi              0  0  0  -1  0   1  1  0  0  0  10/13  11:23   0:00   0:38 
Markus Niemelainen       0  1  1   0  2   3  2  2  0  0  0/0    24:42   3:24   3:20 
Nikolai Knyzhov          0  0  0   1  2   0  1  1  0  0  0/0    13:32   0:00   1:18 
Simon Edvinsson          0  0  0  -2  0   2  0  0  0  0  0/0    21:41   2:33   4:04 

3 Stars

1 - Alex Galchenyuk (cgy)
2 - Daniil Miromanov (cgy)
3 - MacKenzie Entwistle (stl)

Power Play

CALGARY Wranglers - 2 on 4 Attempt(s) - 50,00%
SPRINGFIELD Thunderbirds - 0 on 3 Attempt(s) - 0,00%

Penalty Kill

CALGARY Wranglers - 3 on 3 Attempt(s) - 100,00% - Score 1 goal in Penalty Kill
SPRINGFIELD Thunderbirds - 2 on 4 Attempt(s) - 50,00% - Score 0 goal in Penalty Kill

Team Stat

CALGARY Wranglers - Hits : 23 - Faceoff Wins : 47 - Blocked Shots : 8 - Penalty Minutes : 8
SPRINGFIELD Thunderbirds - Hits : 14 - Faceoff Wins : 47 - Blocked Shots : 9 - Penalty Minutes : 23

Official

Referees : Trevor Hanson and Peter MacDougall
Linesman : Julia Kainberger and Alex Blair

Game Notes

Lane Pederson (stl) for Unsportsmanlike conduct (Major / Game Misconduct) at 1:10
Lane Pederson ejected from game at 1:10 of 3rd period

CALGARY Wranglers

5 vs 5 Forward 
   Center                   Left Wing                Right Wing               Time % Phy DF OF 
 1 Jack Drury               Alex Galchenyuk          Juraj Slafkovsky         40     1   2  2  
 2 Jake Leschyshyn          Will Cuylle              Egor Sokolov             30     1   2  2  
 3 Hendrix Lapierre         Gabriel Fortier          Samuel Fagemo            20     1   2  2  
 4 Jean-Luc Foudy           Arnaud Durandeau         Graeme Clarke            10     1   2  2  

5 vs 5 Defense 
   Defense                  Defense                                           Time % Phy DF OF 
 1 Tyler Tucker             Akito Hirose                                      40     1   2  2  
 2 Brock Faber              Daniil Miromanov                                  30     1   2  2  
 3 Egor Zamula              Jared McIsaac                                     20     1   2  2  
 4 Tyler Tucker             Akito Hirose                                      10     1   2  2  

PowerPlay Forward 
   Center                   Left Wing                Right Wing               Time % Phy DF OF 
 1 Jake Leschyshyn          Egor Sokolov             Alex Galchenyuk          60     1   2  2  
 2 Jack Drury               Will Cuylle              Juraj Slafkovsky         40     1   2  2  

PowerPlay Defense
   Defense                  Defense                                           Time % Phy DF OF 
 1 Tyler Tucker             Akito Hirose                                      60     1   2  2  
 2 Brock Faber              Daniil Miromanov                                  40     1   2  2  

Penalty Kill 4 Players Forward 
   Center                   Wing                     Time % Phy DF OF 
 1 Jake Leschyshyn          Juraj Slafkovsky         60     1   2  2  
 2 Jack Drury               Will Cuylle              40     1   2  2  

Penalty Kill 4 Players Defense
   Defense                  Defense                  Time % Phy DF OF 
 1 Tyler Tucker             Akito Hirose             60     1   2  2  
 2 Brock Faber              Daniil Miromanov         40     1   2  2  

Penalty Kill - 3 Players Forward 
   Forward                                           Time % Phy DF OF 
 1 Jake Leschyshyn                                   60     1   2  2  
 2 Jack Drury                                        40     1   2  2  

Penalty Kill - 3 Players Defense
   Defense                  Defense                  Time % Phy DF OF 
 1 Tyler Tucker             Akito Hirose             60     1   2  2  
 2 Brock Faber              Daniil Miromanov         40     1   2  2  

4 vs 4 Forward 
   Center                   Wing                     Time % Phy DF OF 
 1 Jake Leschyshyn          Juraj Slafkovsky         60     1   2  2  
 2 Jack Drury               Will Cuylle              40     1   2  2  

4 vs 4 Defense
   Defense                  Defense                  Time % Phy DF OF 
 1 Tyler Tucker             Akito Hirose             60     1   2  2  
 2 Brock Faber              Daniil Miromanov         40     1   2  2  

Last Minutes Offensive
   Center                   Left Wing                Right Wing               Defense                  Defense                  
   Jake Leschyshyn          Juraj Slafkovsky         Alex Galchenyuk          Tyler Tucker             Akito Hirose             

Last Minutes Defensive
   Center                   Left Wing                Right Wing               Defense                  Defense                  
   Jake Leschyshyn          Juraj Slafkovsky         Alex Galchenyuk          Tyler Tucker             Akito Hirose             

Goaltenders
Starting : Justus Annunen           
Backup : Antoine Bibeau           

Extra Forwards
Normal : Juraj Slafkovsky, Graeme Clarke, Will Cuylle - PP : Gabriel Fortier, Graeme Clarke - PK : Hendrix Lapierre
Extra Defensemen
Normal : Daniil Miromanov, Egor Zamula, Jared McIsaac - PP : Daniil Miromanov - PK : Daniil Miromanov, Egor Zamula
Penalty Shots
Jake Leschyshyn, Jack Drury, Alex Galchenyuk, Juraj Slafkovsky, Egor Sokolov

Scratches
David Quenneville (Healthy), Guillaume Brisebois (Healthy), Thomas Schemitsch (Healthy), Skyler McKenzie (Healthy), Matthew Strome (Healthy)
Tim Gettinger (Healthy), Arsen Khisamutdinov (Healthy), Mason Primeau (Healthy), Trenton Bourque (Healthy), Cedric Pare (Healthy)
Serron Noel (Healthy), Victor Berglund (Healthy), Alexander Pashin (Healthy)

SPRINGFIELD Thunderbirds

5 vs 5 Forward 
   Center                   Left Wing                Right Wing               Time % Phy DF OF 
 1 MacKenzie Entwistle      Jacob Peterson           Austin Czarnik           40     1   2  2  
 2 Lane Pederson            Andrew Agozzino          Buddy Robinson           30     1   2  2  
 3 Marco Rossi              Hugh McGing              Carter Rowney            20     1   2  2  
 4 Egor Afanasyev           MacKenzie Entwistle      Josh Doan                10     1   2  2  

5 vs 5 Defense 
   Defense                  Defense                                           Time % Phy DF OF 
 1 Dylan Coghlan            Markus Niemelainen                                40     1   2  2  
 2 Simon Edvinsson          Libor Hajek                                       30     1   2  2  
 3 Lucas Johansen           Nikolai Knyzhov                                   20     1   2  2  
 4 Dylan Coghlan            Markus Niemelainen                                10     1   2  2  

PowerPlay Forward 
   Center                   Left Wing                Right Wing               Time % Phy DF OF 
 1 MacKenzie Entwistle      Jacob Peterson           Austin Czarnik           60     1   2  2  
 2 Lane Pederson            Andrew Agozzino          Buddy Robinson           40     1   2  2  

PowerPlay Defense
   Defense                  Defense                                           Time % Phy DF OF 
 1 Dylan Coghlan            Markus Niemelainen                                60     1   2  2  
 2 Simon Edvinsson          Libor Hajek                                       40     1   2  2  

Penalty Kill 4 Players Forward 
   Center                   Wing                     Time % Phy DF OF 
 1 MacKenzie Entwistle      Austin Czarnik           60     1   2  2  
 2 Lane Pederson            Jacob Peterson           40     1   2  2  

Penalty Kill 4 Players Defense
   Defense                  Defense                  Time % Phy DF OF 
 1 Dylan Coghlan            Markus Niemelainen       60     1   2  2  
 2 Simon Edvinsson          Libor Hajek              40     1   2  2  

Penalty Kill - 3 Players Forward 
   Forward                                           Time % Phy DF OF 
 1 MacKenzie Entwistle                               60     1   2  2  
 2 Austin Czarnik                                    40     1   2  2  

Penalty Kill - 3 Players Defense
   Defense                  Defense                  Time % Phy DF OF 
 1 Dylan Coghlan            Markus Niemelainen       60     1   2  2  
 2 Simon Edvinsson          Libor Hajek              40     1   2  2  

4 vs 4 Forward 
   Center                   Wing                     Time % Phy DF OF 
 1 MacKenzie Entwistle      Austin Czarnik           60     1   2  2  
 2 Lane Pederson            Jacob Peterson           40     1   2  2  

4 vs 4 Defense
   Defense                  Defense                  Time % Phy DF OF 
 1 Dylan Coghlan            Markus Niemelainen       60     1   2  2  
 2 Simon Edvinsson          Libor Hajek              40     1   2  2  

Last Minutes Offensive
   Center                   Left Wing                Right Wing               Defense                  Defense                  
   MacKenzie Entwistle      Jacob Peterson           Austin Czarnik           Dylan Coghlan            Markus Niemelainen       

Last Minutes Defensive
   Center                   Left Wing                Right Wing               Defense                  Defense                  
   MacKenzie Entwistle      Jacob Peterson           Austin Czarnik           Dylan Coghlan            Markus Niemelainen       

Goaltenders
Starting : Dan Vladar               
Backup : Spencer Knight           
Third : Lukas Parik              

Extra Forwards
Normal : Greg Meireles, Marco Rossi, Hugh McGing - PP : Greg Meireles, Marco Rossi - PK : Hugh McGing
Extra Defensemen
Normal : Lucas Johansen, Nikolai Knyzhov, Simon Edvinsson - PP : Lucas Johansen - PK : Nikolai Knyzhov, Simon Edvinsson
Penalty Shots
MacKenzie Entwistle, Austin Czarnik, Lane Pederson, Jacob Peterson, Buddy Robinson

Scratches
Connor Hobbs (Healthy), Jesper Lindgren (Healthy), Joachim Blichfeld (Healthy), Teemu Kivihalme (Healthy), Grant Mismash (Healthy)
Ivan Lodnia (Healthy), Brad Lambert (Healthy), Carter Mazur (Healthy), Dmitry Ovchinnikov (Healthy)

% Time on Ice - CALGARY Wranglers

Lines # - Real PCT - Wanted PCT - Time Play
Normal Forward
1 - 34% - 40% - 14:46
2 - 24% - 30% - 10:20
3 - 26% - 20% - 11:09
4 - 16% - 10% - 7:04
Normal Defense
1 - 37% - 40% - 16:09
2 - 28% - 30% - 11:58
3 - 33% - 20% - 14:20
4 - 2% - 10% - 0:52
PP Forward
1 - 55% - 60% - 4:51
2 - 45% - 40% - 3:54
PP Defense
1 - 51% - 60% - 4:30
2 - 49% - 40% - 4:15
PK Forward
1 - 66% - 60% - 3:57
2 - 34% - 40% - 2:00
PK Defense
1 - 45% - 60% - 2:40
2 - 55% - 40% - 3:17
PK3 Forward
1 - 0% - 60%
2 - 0% - 40%
PK3 Defense
1 - 0% - 60%
2 - 0% - 40%
44 Forward
1 - 68% - 60% - 1:21
2 - 32% - 40% - 0:38
44 Defense
1 - 100% - 60% - 1:59
2 - 0% - 40% - 0:00
Last Minute Offensive  - 0:00
Last Minute Defensive  - 0:00
Total
Forward - 60:00
Defense - 60:00

% Time on Ice - SPRINGFIELD Thunderbirds

Lines # - Real PCT - Wanted PCT - Time Play
Normal Forward
1 - 31% - 40% - 13:22
2 - 34% - 30% - 14:50
3 - 25% - 20% - 10:45
4 - 10% - 10% - 4:22
Normal Defense
1 - 37% - 40% - 16:12
2 - 33% - 30% - 14:21
3 - 28% - 20% - 12:15
4 - 1% - 10% - 0:31
PP Forward
1 - 51% - 60% - 3:01
2 - 49% - 40% - 2:56
PP Defense
1 - 57% - 60% - 3:24
2 - 43% - 40% - 2:33
PK Forward
1 - 68% - 60% - 5:59
2 - 32% - 40% - 2:46
PK Defense
1 - 54% - 60% - 4:45
2 - 46% - 40% - 4:00
PK3 Forward
1 - 0% - 60%
2 - 0% - 40%
PK3 Defense
1 - 0% - 60%
2 - 0% - 40%
44 Forward
1 - 64% - 60% - 1:16
2 - 36% - 40% - 0:43
44 Defense
1 - 64% - 60% - 1:16
2 - 36% - 40% - 0:43
Last Minute Offensive  - 0:00
Last Minute Defensive  - 0:00
Total
Forward - 60:00
Defense - 60:00

Play-by-Play

1st period


0:01 of 1st period - Jack Drury wins face-off versus MacKenzie Entwistle in neutral zone.
0:18 of 1st period - Shot by Alex Galchenyuk.
0:18 of 1st period - Stopped by Dan Vladar without a rebound.
0:19 of 1st period - Jake Leschyshyn wins face-off versus Lane Pederson in SPRINGFIELD Thunderbirds zone.
0:23 of 1st period - Icing by Simon Edvinsson.
0:24 of 1st period - Lane Pederson wins face-off versus Hendrix Lapierre in SPRINGFIELD Thunderbirds zone.
0:32 of 1st period - Icing by Jared McIsaac.
0:33 of 1st period - Marco Rossi wins face-off versus Hendrix Lapierre in CALGARY Wranglers zone.
0:40 of 1st period - Shot by Carter Rowney.
0:40 of 1st period - Stopped by Justus Annunen without a rebound.
0:41 of 1st period - Jake Leschyshyn wins face-off versus Egor Afanasyev in CALGARY Wranglers zone.
1:11 of 1st period - Shot by Egor Afanasyev.
1:11 of 1st period - Stopped by Justus Annunen without a rebound.
1:12 of 1st period - Lane Pederson wins face-off versus Juraj Slafkovsky in CALGARY Wranglers zone.
1:42 of 1st period - Icing by Jack Drury.
1:43 of 1st period - MacKenzie Entwistle wins face-off versus Jack Drury in CALGARY Wranglers zone.
1:52 of 1st period - Off-side.
1:53 of 1st period - Marco Rossi wins face-off versus Jean-Luc Foudy in neutral zone.
1:53 of 1st period - Marco Rossi is hit by Arnaud Durandeau.
2:36 of 1st period - Icing by Jared McIsaac.
2:37 of 1st period - MacKenzie Entwistle wins face-off versus Jean-Luc Foudy in CALGARY Wranglers zone.
2:38 of 1st period - Shot by Austin Czarnik.
2:38 of 1st period - Stopped by Justus Annunen with a rebound.
2:40 of 1st period - Shot by Austin Czarnik.
2:40 of 1st period - Stopped by Justus Annunen without a rebound.
2:41 of 1st period - Hendrix Lapierre wins face-off versus MacKenzie Entwistle in CALGARY Wranglers zone.
2:41 of 1st period - Hendrix Lapierre is hit by MacKenzie Entwistle.
3:06 of 1st period - Gabriel Fortier is hit by Austin Czarnik and loses puck.
3:11 of 1st period - Shot by Markus Niemelainen.
3:11 of 1st period - Shot Misses the Net.
3:32 of 1st period - Minor Penalty to Gabriel Fortier for Cross-checking.
3:33 of 1st period - Lane Pederson wins face-off versus Jake Leschyshyn in CALGARY Wranglers zone.
3:34 of 1st period - Shot by Simon Edvinsson.
3:34 of 1st period - Stopped by Justus Annunen with a rebound.
3:38 of 1st period - Shot by Libor Hajek.
3:38 of 1st period - Shot Misses the Net.
3:59 of 1st period - Icing by Lane Pederson.
4:00 of 1st period - Lane Pederson wins face-off versus Juraj Slafkovsky in SPRINGFIELD Thunderbirds zone.
4:00 of 1st period - Lane Pederson is hit by Jake Leschyshyn.
4:46 of 1st period - Shot by Jake Leschyshyn.
4:46 of 1st period - Stopped by Dan Vladar with a rebound.
4:48 of 1st period - Shot by Juraj Slafkovsky.
4:48 of 1st period - Deflect By Jake Leschyshyn.
4:48 of 1st period - Goal by Jake Leschyshyn - CALGARY Wranglers : 1 - SPRINGFIELD Thunderbirds : 0.
4:49 of 1st period - MacKenzie Entwistle wins face-off versus Jack Drury in neutral zone.
4:52 of 1st period - Shot by Markus Niemelainen.
4:52 of 1st period - Shot Misses the Net.
4:54 of 1st period - Shot by Austin Czarnik.
4:54 of 1st period - Deflect By Jacob Peterson.
4:54 of 1st period - Shot Misses the Net.
4:56 of 1st period - Shot by Markus Niemelainen.
4:56 of 1st period - Stopped by Justus Annunen with a rebound.
4:58 of 1st period - Shot by Markus Niemelainen.
4:58 of 1st period - Stopped by Justus Annunen with a rebound.
7:13 of 1st period - Icing by Markus Niemelainen.
7:14 of 1st period - Egor Afanasyev wins face-off versus Jack Drury in SPRINGFIELD Thunderbirds zone.
7:41 of 1st period - Akito Hirose is hit by Josh Doan and loses puck.
8:03 of 1st period - Off-side.
8:04 of 1st period - Jake Leschyshyn wins face-off versus Lane Pederson in neutral zone.
9:05 of 1st period - Shot by Gabriel Fortier.
9:05 of 1st period - Shot Misses the Net.
9:24 of 1st period - Icing by Lucas Johansen.
9:25 of 1st period - Marco Rossi wins face-off versus Jack Drury in SPRINGFIELD Thunderbirds zone.
9:56 of 1st period - Shot by Jacob Peterson.
9:56 of 1st period - Shot Blocked by Juraj Slafkovsky.
9:58 of 1st period - Shot by Jacob Peterson.
9:58 of 1st period - Shot Blocked by Tyler Tucker.
10:11 of 1st period - Shot by MacKenzie Entwistle.
10:11 of 1st period - Deflect By Jacob Peterson.
10:11 of 1st period - Stopped by Justus Annunen with a rebound.
10:18 of 1st period - Shot by MacKenzie Entwistle.
10:18 of 1st period - Stopped by Justus Annunen without a rebound.
10:19 of 1st period - Andrew Agozzino wins face-off versus Jake Leschyshyn in CALGARY Wranglers zone.
10:28 of 1st period - Shot by Egor Sokolov.
10:28 of 1st period - Stopped by Dan Vladar without a rebound.
10:29 of 1st period - MacKenzie Entwistle wins face-off versus Graeme Clarke in SPRINGFIELD Thunderbirds zone.
10:29 of 1st period - MacKenzie Entwistle is hit by Graeme Clarke.
12:13 of 1st period - Shot by Marco Rossi.
12:13 of 1st period - Shot Misses the Net.
12:15 of 1st period - Shot by Carter Rowney.
12:15 of 1st period - Shot Misses the Net.
12:17 of 1st period - Shot by Hugh McGing.
12:17 of 1st period - Shot Blocked by Tyler Tucker.
12:56 of 1st period - Off-side.
12:57 of 1st period - Hendrix Lapierre wins face-off versus Egor Afanasyev in neutral zone.
12:59 of 1st period - Off-side.
13:00 of 1st period - MacKenzie Entwistle wins face-off versus Samuel Fagemo in neutral zone.
13:30 of 1st period - Shot by Jacob Peterson.
13:30 of 1st period - Shot Misses the Net.
13:52 of 1st period - Shot by Buddy Robinson.
13:52 of 1st period - Deflect By Lane Pederson.
13:52 of 1st period - Stopped by Justus Annunen with a rebound.
13:54 of 1st period - Shot by Andrew Agozzino.
13:54 of 1st period - Stopped by Justus Annunen without a rebound.
13:55 of 1st period - Lane Pederson wins face-off versus Jack Drury in CALGARY Wranglers zone.
13:55 of 1st period - Lane Pederson is hit by Tyler Tucker.
14:13 of 1st period - Shot by Alex Galchenyuk.
14:13 of 1st period - Shot Misses the Net.
14:24 of 1st period - Lane Pederson is hit by Akito Hirose and loses puck.
14:28 of 1st period - Andrew Agozzino is hit by Tyler Tucker and loses puck.
14:38 of 1st period - Minor Penalty to Alex Galchenyuk for Hooking.
14:39 of 1st period - MacKenzie Entwistle wins face-off versus Jake Leschyshyn in CALGARY Wranglers zone.
14:44 of 1st period - Shot by Jacob Peterson.
14:44 of 1st period - Stopped by Justus Annunen without a rebound.
14:45 of 1st period - Jake Leschyshyn wins face-off versus Austin Czarnik in CALGARY Wranglers zone.
14:53 of 1st period - Icing by Austin Czarnik.
14:54 of 1st period - MacKenzie Entwistle wins face-off versus Jake Leschyshyn in SPRINGFIELD Thunderbirds zone.
14:54 of 1st period - MacKenzie Entwistle is hit by Juraj Slafkovsky.
15:14 of 1st period - Shot by Markus Niemelainen.
15:14 of 1st period - Stopped by Justus Annunen without a rebound.
15:15 of 1st period - Jake Leschyshyn wins face-off versus Lane Pederson in CALGARY Wranglers zone.
15:26 of 1st period - Libor Hajek is hit by Will Cuylle and loses puck.
16:05 of 1st period - Shot by Dylan Coghlan.
16:05 of 1st period - Shot Misses the Net.
16:19 of 1st period - Shot by Austin Czarnik.
16:19 of 1st period - Stopped by Justus Annunen with a rebound.
16:29 of 1st period - Shot by Austin Czarnik.
16:29 of 1st period - Stopped by Justus Annunen without a rebound.
16:30 of 1st period - Jack Drury wins face-off versus MacKenzie Entwistle in CALGARY Wranglers zone.
16:50 of 1st period - Carter Rowney is hit by Jared McIsaac and loses puck.
17:09 of 1st period - Shot by Hugh McGing.
17:09 of 1st period - Stopped by Justus Annunen without a rebound.
17:10 of 1st period - Lane Pederson wins face-off versus Jean-Luc Foudy in CALGARY Wranglers zone.
17:31 of 1st period - Arnaud Durandeau is hit by Libor Hajek and loses puck.
17:44 of 1st period - Shot by Graeme Clarke.
17:44 of 1st period - Stopped by Dan Vladar without a rebound.
17:45 of 1st period - Jacob Peterson wins face-off versus Jake Leschyshyn in SPRINGFIELD Thunderbirds zone.
17:45 of 1st period - Austin Czarnik is hit by Egor Sokolov and loses puck.
18:14 of 1st period - Austin Czarnik is hit by Daniil Miromanov and loses puck.
18:17 of 1st period - Shot by MacKenzie Entwistle.
18:17 of 1st period - Stopped by Justus Annunen without a rebound.
18:18 of 1st period - Marco Rossi wins face-off versus Jack Drury in CALGARY Wranglers zone.
18:25 of 1st period - Shot by Carter Rowney.
18:25 of 1st period - Stopped by Justus Annunen without a rebound.
18:26 of 1st period - Lane Pederson wins face-off versus Jack Drury in CALGARY Wranglers zone.
18:32 of 1st period - Shot by Andrew Agozzino.
18:32 of 1st period - Stopped by Justus Annunen without a rebound.
18:33 of 1st period - Jack Drury wins face-off versus Jacob Peterson in CALGARY Wranglers zone.
18:33 of 1st period - Alex Galchenyuk is hit by MacKenzie Entwistle and loses puck.
18:40 of 1st period - MacKenzie Entwistle is hit by Jack Drury and loses puck.
19:34 of 1st period - Off-side.
19:35 of 1st period - Jake Leschyshyn wins face-off versus Lane Pederson in neutral zone.
19:52 of 1st period - Shot by Buddy Robinson.
19:52 of 1st period - The goal is going for a video replay.
19:52 of 1st period - The goal is refused.
19:53 of 1st period - Marco Rossi wins face-off versus Hendrix Lapierre in CALGARY Wranglers zone.
19:53 of 1st period - Marco Rossi is hit by Egor Zamula.
19:58 of 1st period - Marco Rossi is hit by Egor Zamula and loses puck.
Goals for this period are 1 for CALGARY Wranglers vs 0 for SPRINGFIELD Thunderbirds.
Shots for this period are 5 for CALGARY Wranglers vs 20 for SPRINGFIELD Thunderbirds.

2nd period


0:01 of 2nd period - Jack Drury wins face-off versus MacKenzie Entwistle in neutral zone.
0:34 of 2nd period - Shot by MacKenzie Entwistle.
0:34 of 2nd period - Stopped by Justus Annunen without a rebound.
0:35 of 2nd period - Jake Leschyshyn wins face-off versus Lane Pederson in CALGARY Wranglers zone.
0:43 of 2nd period - Shot by Jake Leschyshyn.
0:43 of 2nd period - Shot Misses the Net.
0:45 of 2nd period - Shot by Brock Faber.
0:45 of 2nd period - Shot Blocked by Lane Pederson.
0:48 of 2nd period - Icing by Libor Hajek.
0:49 of 2nd period - Lane Pederson wins face-off versus Hendrix Lapierre in SPRINGFIELD Thunderbirds zone.
0:57 of 2nd period - Off-side.
0:58 of 2nd period - MacKenzie Entwistle wins face-off versus Jake Leschyshyn in neutral zone.
1:12 of 2nd period - Shot by Daniil Miromanov.
1:12 of 2nd period - Stopped by Dan Vladar without a rebound.
1:13 of 2nd period - Lane Pederson wins face-off versus Jack Drury in SPRINGFIELD Thunderbirds zone.
2:22 of 2nd period - Shot by Egor Sokolov.
2:22 of 2nd period - Shot Blocked by Lane Pederson.
2:43 of 2nd period - Icing by Brock Faber.
2:44 of 2nd period - MacKenzie Entwistle wins face-off versus Jake Leschyshyn in CALGARY Wranglers zone.
2:45 of 2nd period - Shot by Jacob Peterson.
2:45 of 2nd period - Shot Misses the Net.
3:00 of 2nd period - Icing by Jared McIsaac.
3:01 of 2nd period - Hendrix Lapierre wins face-off versus Marco Rossi in CALGARY Wranglers zone.
3:01 of 2nd period - Hendrix Lapierre is hit by Marco Rossi.
3:55 of 2nd period - Shot by Jack Drury.
3:55 of 2nd period - Stopped by Dan Vladar without a rebound.
3:56 of 2nd period - Jean-Luc Foudy wins face-off versus MacKenzie Entwistle in SPRINGFIELD Thunderbirds zone.
4:05 of 2nd period - Shot by Graeme Clarke.
4:05 of 2nd period - Shot Misses the Net.
4:07 of 2nd period - Shot by Graeme Clarke.
4:07 of 2nd period - Stopped by Dan Vladar with a rebound.
4:11 of 2nd period - Shot by Jean-Luc Foudy.
4:11 of 2nd period - Stopped by Dan Vladar without a rebound.
4:12 of 2nd period - Jack Drury wins face-off versus Egor Afanasyev in SPRINGFIELD Thunderbirds zone.
4:29 of 2nd period - Shot by Jack Drury.
4:29 of 2nd period - Shot Blocked by Josh Doan.
4:45 of 2nd period - Josh Doan is hit by Daniil Miromanov and loses puck.
5:07 of 2nd period - Minor Penalty to Daniil Miromanov for Tripping.
5:08 of 2nd period - Jake Leschyshyn wins face-off versus MacKenzie Entwistle in CALGARY Wranglers zone.
5:19 of 2nd period - Shot by Libor Hajek.
5:19 of 2nd period - Stopped by Justus Annunen without a rebound.
5:20 of 2nd period - Lane Pederson wins face-off versus Jake Leschyshyn in CALGARY Wranglers zone.
5:40 of 2nd period - Buddy Robinson is hit by Hendrix Lapierre and loses puck.
6:31 of 2nd period - Shot by MacKenzie Entwistle.
6:31 of 2nd period - Stopped by Justus Annunen with a rebound.
6:33 of 2nd period - Shot by Simon Edvinsson.
6:33 of 2nd period - Stopped by Justus Annunen without a rebound.
6:34 of 2nd period - Lane Pederson wins face-off versus Jake Leschyshyn in CALGARY Wranglers zone.
7:19 of 2nd period - Shot by Hugh McGing.
7:19 of 2nd period - Shot Blocked by Jared McIsaac.
8:56 of 2nd period - Shot by Buddy Robinson.
8:56 of 2nd period - Shot Misses the Net.
9:06 of 2nd period - Gabriel Fortier is hit by MacKenzie Entwistle.
9:16 of 2nd period - Shot by MacKenzie Entwistle.
9:16 of 2nd period - Goal by MacKenzie Entwistle - CALGARY Wranglers : 1 - SPRINGFIELD Thunderbirds : 1.
9:17 of 2nd period - Marco Rossi wins face-off versus Jake Leschyshyn in neutral zone.
9:48 of 2nd period - Shot by Egor Sokolov.
9:48 of 2nd period - Shot Misses the Net.
9:50 of 2nd period - Shot by Will Cuylle.
9:50 of 2nd period - Goal by Will Cuylle - CALGARY Wranglers : 2 - SPRINGFIELD Thunderbirds : 1.
9:51 of 2nd period - MacKenzie Entwistle wins face-off versus Jack Drury in neutral zone.
10:07 of 2nd period - Jack Drury is hit by Nikolai Knyzhov and loses puck.
10:11 of 2nd period - Minor Penalty to Nikolai Knyzhov for High sticking.
10:12 of 2nd period - Alex Galchenyuk wins face-off versus MacKenzie Entwistle in SPRINGFIELD Thunderbirds zone.
10:35 of 2nd period - Shot by Jake Leschyshyn.
10:35 of 2nd period - Stopped by Dan Vladar without a rebound.
10:36 of 2nd period - MacKenzie Entwistle wins face-off versus Will Cuylle in SPRINGFIELD Thunderbirds zone.
11:08 of 2nd period - Shot by Jack Drury.
11:08 of 2nd period - Stopped by Dan Vladar with a rebound.
11:26 of 2nd period - Shot by Tyler Tucker.
11:26 of 2nd period - Goal by Tyler Tucker - CALGARY Wranglers : 3 - SPRINGFIELD Thunderbirds : 1.
11:27 of 2nd period - Jean-Luc Foudy wins face-off versus Marco Rossi in neutral zone.
12:28 of 2nd period - Shot by Andrew Agozzino.
12:28 of 2nd period - Deflect By Lane Pederson.
12:28 of 2nd period - Shot Misses the Net.
12:30 of 2nd period - Shot by Dylan Coghlan.
12:30 of 2nd period - Stopped by Justus Annunen without a rebound.
12:31 of 2nd period - Jack Drury wins face-off versus MacKenzie Entwistle in CALGARY Wranglers zone.
12:38 of 2nd period - Shot by Juraj Slafkovsky.
12:38 of 2nd period - Shot Blocked by Austin Czarnik.
13:43 of 2nd period - Shot by Dylan Coghlan.
13:43 of 2nd period - Stopped by Justus Annunen without a rebound.
13:44 of 2nd period - Marco Rossi wins face-off versus Hendrix Lapierre in CALGARY Wranglers zone.
14:01 of 2nd period - Shot by Marco Rossi.
14:01 of 2nd period - Shot Misses the Net.
14:03 of 2nd period - Shot by Marco Rossi.
14:03 of 2nd period - Shot Blocked by Jared McIsaac.
14:05 of 2nd period - Shot by Lucas Johansen.
14:05 of 2nd period - Shot Misses the Net.
14:13 of 2nd period - Shot by Hugh McGing.
14:13 of 2nd period - Stopped by Justus Annunen with a rebound.
14:15 of 2nd period - Shot by Nikolai Knyzhov.
14:15 of 2nd period - Shot Blocked by Egor Zamula.
14:17 of 2nd period - Shot by Hugh McGing.
14:17 of 2nd period - Shot Misses the Net.
14:19 of 2nd period - Shot by Lucas Johansen.
14:19 of 2nd period - Shot Misses the Net.
15:18 of 2nd period - MacKenzie Entwistle is hit by Hendrix Lapierre and loses puck.
15:46 of 2nd period - Off-side.
15:47 of 2nd period - Jack Drury wins face-off versus MacKenzie Entwistle in neutral zone.
16:12 of 2nd period - Shot by Jack Drury.
16:12 of 2nd period - Shot Misses the Net.
16:14 of 2nd period - Shot by Juraj Slafkovsky.
16:14 of 2nd period - Shot Blocked by Nikolai Knyzhov.
16:16 of 2nd period - Shot by Juraj Slafkovsky.
16:16 of 2nd period - Stopped by Dan Vladar without a rebound.
16:17 of 2nd period - Lane Pederson wins face-off versus Jake Leschyshyn in SPRINGFIELD Thunderbirds zone.
16:38 of 2nd period - Shot by Andrew Agozzino.
16:38 of 2nd period - Deflect By Buddy Robinson.
16:38 of 2nd period - Shot Misses the Net.
16:40 of 2nd period - Shot by Buddy Robinson.
16:40 of 2nd period - Shot Misses the Net.
16:42 of 2nd period - Shot by Dylan Coghlan.
16:42 of 2nd period - Shot Misses the Net.
16:44 of 2nd period - Shot by Buddy Robinson.
16:44 of 2nd period - Stopped by Justus Annunen without a rebound.
16:45 of 2nd period - Jack Drury wins face-off versus Marco Rossi in CALGARY Wranglers zone.
16:45 of 2nd period - Tyler Tucker is hit by Carter Rowney and loses puck.
17:11 of 2nd period - Shot by Marco Rossi.
17:11 of 2nd period - Shot Misses the Net.
17:58 of 2nd period - Shot by Brock Faber.
17:58 of 2nd period - Shot Blocked by Markus Niemelainen.
18:53 of 2nd period - Shot by Graeme Clarke.
18:53 of 2nd period - Shot Misses the Net.
19:37 of 2nd period - Shot by Egor Afanasyev.
19:37 of 2nd period - Shot Hit the Post.
Goals for this period are 2 for CALGARY Wranglers vs 1 for SPRINGFIELD Thunderbirds.
Shots for this period are 9 for CALGARY Wranglers vs 9 for SPRINGFIELD Thunderbirds.

3rd period


0:01 of 3rd period - Jack Drury wins face-off versus MacKenzie Entwistle in neutral zone.
0:03 of 3rd period - Tyler Tucker is hit by MacKenzie Entwistle and loses puck.
0:25 of 3rd period - Off-side.
0:26 of 3rd period - Jake Leschyshyn wins face-off versus Lane Pederson in neutral zone.
0:28 of 3rd period - Minor Penalty to Lane Pederson for Roughing.
0:29 of 3rd period - Austin Czarnik wins face-off versus Jake Leschyshyn in SPRINGFIELD Thunderbirds zone.
0:48 of 3rd period - Shot by Jake Leschyshyn.
0:48 of 3rd period - Shot Blocked by Markus Niemelainen.
0:58 of 3rd period - Shot by Daniil Miromanov.
0:58 of 3rd period - Shot Blocked by MacKenzie Entwistle.
1:00 of 3rd period - Shot by Daniil Miromanov.
1:00 of 3rd period - Goal by Daniil Miromanov - CALGARY Wranglers : 4 - SPRINGFIELD Thunderbirds : 1.
1:01 of 3rd period - Lane Pederson wins face-off versus Jean-Luc Foudy in neutral zone.
1:03 of 3rd period - Buddy Robinson is hit by Tyler Tucker and loses puck.
1:10 of 3rd period - Shot by Andrew Agozzino.
1:10 of 3rd period - Stopped by Justus Annunen without a rebound.
1:10 of 3rd period - Major / Game Misconduct Penalty to Lane Pederson for Unsportsmanlike conduct.
1:10 of 3rd period - Lane Pederson is ejected from game.
1:10 of 3rd period - Minor Penalty to Tyler Tucker for Hooking.
1:11 of 3rd period - MacKenzie Entwistle wins face-off versus Jake Leschyshyn in CALGARY Wranglers zone.
2:18 of 3rd period - Shot by Greg Meireles.
2:18 of 3rd period - Shot Misses the Net.
2:20 of 3rd period - Shot by Greg Meireles.
2:20 of 3rd period - Goal by Greg Meireles - CALGARY Wranglers : 4 - SPRINGFIELD Thunderbirds : 2.
2:21 of 3rd period - MacKenzie Entwistle wins face-off versus Jack Drury in neutral zone.
2:30 of 3rd period - Shot by MacKenzie Entwistle.
2:30 of 3rd period - Goal by MacKenzie Entwistle - CALGARY Wranglers : 4 - SPRINGFIELD Thunderbirds : 3.
2:31 of 3rd period - Jack Drury wins face-off versus MacKenzie Entwistle in neutral zone.
2:58 of 3rd period - Shot by MacKenzie Entwistle.
2:58 of 3rd period - Stopped by Justus Annunen without a rebound.
2:59 of 3rd period - Jake Leschyshyn wins face-off versus Greg Meireles in CALGARY Wranglers zone.
2:59 of 3rd period - Jake Leschyshyn is hit by Jacob Peterson.
3:13 of 3rd period - Shot by Alex Galchenyuk.
3:13 of 3rd period - Stopped by Dan Vladar without a rebound.
3:14 of 3rd period - MacKenzie Entwistle wins face-off versus Jake Leschyshyn in SPRINGFIELD Thunderbirds zone.
3:24 of 3rd period - Icing by Tyler Tucker.
3:25 of 3rd period - Jake Leschyshyn wins face-off versus MacKenzie Entwistle in CALGARY Wranglers zone.
3:48 of 3rd period - Icing by Alex Galchenyuk.
3:49 of 3rd period - Jake Leschyshyn wins face-off versus MacKenzie Entwistle in CALGARY Wranglers zone.
4:13 of 3rd period - Icing by Juraj Slafkovsky.
4:14 of 3rd period - Hugh McGing wins face-off versus Jack Drury in CALGARY Wranglers zone.
4:16 of 3rd period - Jacob Peterson is hit by Brock Faber and loses puck.
5:31 of 3rd period - Shot by Alex Galchenyuk.
5:31 of 3rd period - Stopped by Dan Vladar without a rebound.
5:32 of 3rd period - Gabriel Fortier wins face-off versus MacKenzie Entwistle in SPRINGFIELD Thunderbirds zone.
5:57 of 3rd period - Shot by Tyler Tucker.
5:57 of 3rd period - Stopped by Dan Vladar with a rebound.
5:59 of 3rd period - Shot by Egor Zamula.
5:59 of 3rd period - Shot Misses the Net.
6:14 of 3rd period - Minor Penalty to Buddy Robinson for Delaying the game.
6:15 of 3rd period - Hugh McGing wins face-off versus Jack Drury in SPRINGFIELD Thunderbirds zone.
6:15 of 3rd period - Hugh McGing is hit by Juraj Slafkovsky.
8:06 of 3rd period - Libor Hajek is hit by Gabriel Fortier and loses puck.
9:04 of 3rd period - Jared McIsaac is hit by Markus Niemelainen and loses puck.
9:05 of 3rd period - Minor Penalty to Markus Niemelainen for Slashing.
9:06 of 3rd period - Jake Leschyshyn wins face-off versus MacKenzie Entwistle in SPRINGFIELD Thunderbirds zone.
9:21 of 3rd period - Shot by Akito Hirose.
9:21 of 3rd period - Shot Misses the Net.
9:56 of 3rd period - Icing by Egor Zamula.
9:57 of 3rd period - Jack Drury wins face-off versus Hugh McGing in CALGARY Wranglers zone.
10:21 of 3rd period - Icing by Daniil Miromanov.
10:22 of 3rd period - Jake Leschyshyn wins face-off versus MacKenzie Entwistle in CALGARY Wranglers zone.
10:39 of 3rd period - Shot by Alex Galchenyuk.
10:39 of 3rd period - Stopped by Dan Vladar with a rebound.
10:58 of 3rd period - Icing by Tyler Tucker.
10:59 of 3rd period - Jack Drury wins face-off versus Hugh McGing in CALGARY Wranglers zone.
12:31 of 3rd period - Hugh McGing is hit by Daniil Miromanov and loses puck.
12:47 of 3rd period - Off-side.
12:48 of 3rd period - Juraj Slafkovsky wins face-off versus MacKenzie Entwistle in neutral zone.
13:01 of 3rd period - Shot by Alex Galchenyuk.
13:01 of 3rd period - Shot Misses the Net.
13:19 of 3rd period - Shot by Jacob Peterson.
13:19 of 3rd period - Deflect By Austin Czarnik.
13:19 of 3rd period - Shot Blocked by Egor Zamula.
13:30 of 3rd period - Icing by Alex Galchenyuk.
13:31 of 3rd period - Jack Drury wins face-off versus Greg Meireles in CALGARY Wranglers zone.
13:59 of 3rd period - Shot by Andrew Agozzino.
13:59 of 3rd period - Stopped by Justus Annunen without a rebound.
14:00 of 3rd period - Marco Rossi wins face-off versus Jake Leschyshyn in CALGARY Wranglers zone.
14:03 of 3rd period - Shot by Marco Rossi.
14:03 of 3rd period - Shot Misses the Net.
14:13 of 3rd period - Shot by Jake Leschyshyn.
14:13 of 3rd period - Stopped by Dan Vladar without a rebound.
14:14 of 3rd period - Hendrix Lapierre wins face-off versus MacKenzie Entwistle in SPRINGFIELD Thunderbirds zone.
14:43 of 3rd period - Shot by Daniil Miromanov.
14:43 of 3rd period - Stopped by Dan Vladar with a rebound.
14:45 of 3rd period - Shot by Gabriel Fortier.
14:45 of 3rd period - Shot Misses the Net.
15:04 of 3rd period - Icing by Jacob Peterson.
15:05 of 3rd period - MacKenzie Entwistle wins face-off versus Jake Leschyshyn in SPRINGFIELD Thunderbirds zone.
15:25 of 3rd period - Shot by Jake Leschyshyn.
15:25 of 3rd period - Deflect By Will Cuylle.
15:25 of 3rd period - Stopped by Dan Vladar without a rebound.
15:26 of 3rd period - Marco Rossi wins face-off versus Jack Drury in SPRINGFIELD Thunderbirds zone.
15:35 of 3rd period - Shot by Marco Rossi.
15:35 of 3rd period - Shot Blocked by Juraj Slafkovsky.
15:51 of 3rd period - Shot by Marco Rossi.
15:51 of 3rd period - Stopped by Justus Annunen without a rebound.
15:52 of 3rd period - Jake Leschyshyn wins face-off versus Greg Meireles in CALGARY Wranglers zone.
15:54 of 3rd period - Icing by Daniil Miromanov.
15:55 of 3rd period - Jake Leschyshyn wins face-off versus Greg Meireles in CALGARY Wranglers zone.
16:00 of 3rd period - Shot by Andrew Agozzino.
16:00 of 3rd period - Stopped by Justus Annunen without a rebound.
16:01 of 3rd period - Jake Leschyshyn wins face-off versus MacKenzie Entwistle in CALGARY Wranglers zone.
16:24 of 3rd period - Off-side.
16:25 of 3rd period - Greg Meireles wins face-off versus Jack Drury in neutral zone.
16:43 of 3rd period - Juraj Slafkovsky is hit by Buddy Robinson and loses puck.
17:13 of 3rd period - Icing by Andrew Agozzino.
17:14 of 3rd period - Jake Leschyshyn wins face-off versus Greg Meireles in SPRINGFIELD Thunderbirds zone.
17:39 of 3rd period - Shot by Jake Leschyshyn.
17:39 of 3rd period - Stopped by Dan Vladar without a rebound.
17:40 of 3rd period - Marco Rossi wins face-off versus Hendrix Lapierre in SPRINGFIELD Thunderbirds zone.
17:57 of 3rd period - Shot by Egor Zamula.
17:57 of 3rd period - Stopped by Dan Vladar without a rebound.
17:58 of 3rd period - Jack Drury wins face-off versus MacKenzie Entwistle in SPRINGFIELD Thunderbirds zone.
18:04 of 3rd period - Icing by MacKenzie Entwistle.
18:05 of 3rd period - MacKenzie Entwistle wins face-off versus Jake Leschyshyn in SPRINGFIELD Thunderbirds zone.
18:32 of 3rd period - Shot by MacKenzie Entwistle.
18:32 of 3rd period - Stopped by Justus Annunen without a rebound.
18:33 of 3rd period - Jack Drury wins face-off versus Greg Meireles in CALGARY Wranglers zone.
18:35 of 3rd period - Icing by Juraj Slafkovsky.
18:36 of 3rd period - Greg Meireles wins face-off versus Jack Drury in CALGARY Wranglers zone.
18:36 of 3rd period - Greg Meireles is hit by Daniil Miromanov.
18:56 of 3rd period - Shot by Jack Drury.
18:56 of 3rd period - Shot Misses the Net.
18:58 of 3rd period - Shot by Juraj Slafkovsky.
18:58 of 3rd period - Shot Blocked by Buddy Robinson.
19:00 of 3rd period - Shot by Jack Drury.
19:00 of 3rd period - Deflect By Juraj Slafkovsky.
19:00 of 3rd period - Stopped by Dan Vladar with a rebound.
19:02 of 3rd period - Shot by Alex Galchenyuk.
19:02 of 3rd period - The goal is going for a video replay.
19:02 of 3rd period - The goal is good.
19:02 of 3rd period - Goal by Alex Galchenyuk - CALGARY Wranglers : 5 - SPRINGFIELD Thunderbirds : 3.
19:03 of 3rd period - Jake Leschyshyn wins face-off versus Jacob Peterson in neutral zone.
19:12 of 3rd period - Shot by Jake Leschyshyn.
19:12 of 3rd period - Shot Misses the Net.
19:25 of 3rd period - Jake Leschyshyn is hit by Markus Niemelainen and loses puck.
19:34 of 3rd period - Shot by Tyler Tucker.
19:34 of 3rd period - Shot Misses the Net.
19:36 of 3rd period - Shot by Egor Sokolov.
19:36 of 3rd period - Shot Misses the Net.
19:38 of 3rd period - Shot by Tyler Tucker.
19:38 of 3rd period - Stopped by Dan Vladar without a rebound.
19:39 of 3rd period - Jack Drury wins face-off versus Greg Meireles in SPRINGFIELD Thunderbirds zone.
19:44 of 3rd period - Shot by Alex Galchenyuk.
19:44 of 3rd period - Stopped by Dan Vladar without a rebound.
19:45 of 3rd period - Alex Galchenyuk wins face-off versus Greg Meireles in SPRINGFIELD Thunderbirds zone.
19:48 of 3rd period - Shot by Jack Drury.
19:48 of 3rd period - Stopped by Dan Vladar without a rebound.
19:49 of 3rd period - Jack Drury wins face-off versus Greg Meireles in SPRINGFIELD Thunderbirds zone.
19:56 of 3rd period - Shot by Alex Galchenyuk.
19:56 of 3rd period - Goal by Alex Galchenyuk - CALGARY Wranglers : 6 - SPRINGFIELD Thunderbirds : 3.
19:57 of 3rd period - Juraj Slafkovsky wins face-off versus MacKenzie Entwistle in neutral zone.
Goals for this period are 3 for CALGARY Wranglers vs 2 for SPRINGFIELD Thunderbirds.
Shots for this period are 16 for CALGARY Wranglers vs 8 for SPRINGFIELD Thunderbirds. Output by the SimonT Hockey Simulator (STHS) for Martin Benoit - Original Page W3C HTML5 Valid
Hockey Simulator - Hockey Simulation - Hockey Manager